 Dungeon Crawl Stone Soup version 0.29-a0-559-g359e09b9d1 (webtiles) character file.

Game seed: 15740090691927343394

102 DocClef the Covert (level 4, -2/41 HPs)
             Began as a Gnoll Delver on June 10, 2022.
             Slain by a gnoll
             ... wielding a +0 spear
              (3 damage)
             ... on level 4 of the Dungeon.
             The game lasted 00:00:59 (901 turns).

DocClef the Covert (Gnoll Delver)                    Turns: 901, Time: 00:01:00

Health: -2/41      AC:  5    Str: 12    XL:     4   Next: 78%
Magic:  5/5        EV: 13    Int:  9    God:
Gold:   100        SH:  0    Dex: 15    Spells: 5/5 levels left

rFire   . . .      SeeInvis .   n - +1 flail (vorpal)
rCold   . . .      Faith    .   (no shield)
rNeg    . . .      Spirit   .   m - +2 leather armour {rPois}
rPois   +          Reflect  .   (no helmet)
rElec   .          Harm     .   (no cloak)
rCorr   .          Rampage  .   (no gloves)
Will    .....                   (no boots)
Stlth   ++++......              (no amulet)
HPRegen 0.13/turn               (no ring)
MPRegen 0.09/turn               (no ring)

@: no status effects
A: fangs 1, strong nose, distributed training
a: no special abilities


You were on level 4 of the Dungeon.
You visited 1 branch of the dungeon, and saw 2 of its levels.

You collected 100 gold pieces.

Inventory:

Hand Weapons
 a - a +0 short sword
 n - a +1 vorpal flail (weapon)
Missiles
 l - a throwing net (quivered)
Armour
 b - a +0 leather armour
 m - a +2 leather armour of poison resistance (worn)
Wands
 g - a wand of digging (3)
Scrolls
 c - a scroll of fog
 d - a scroll of magic mapping
 e - a scroll of fear
 i - a scroll of poison {unknown}
 j - a scroll of amnesia {unknown}
 k - a scroll of identify {unknown}
Potions
 f - a potion of haste
 h - a potion of berserk rage {unknown}


   Skills:
 + Level 6.6 Fighting
 + Level 4.7 Short Blades
 + Level 1.2 Long Blades
 + Level 1.2 Axes
 + Level 1.2 Maces & Flails
 + Level 1.2 Polearms
 + Level 1.2 Staves
 + Level 1.2 Slings
 + Level 1.2 Bows
 + Level 1.2 Crossbows
 + Level 1.2 Throwing
 + Level 1.2 Armour
 + Level 4.7 Dodging
 + Level 9.6 Stealth
 + Level 1.2 Shields
 + Level 1.2 Unarmed Combat
 + Level 1.2 Spellcasting
 + Level 1.0 Conjurations
 + Level 1.0 Hexes
 + Level 1.0 Summonings
 + Level 1.0 Necromancy
 + Level 1.0 Translocations
 + Level 1.0 Transmutations
 + Level 1.0 Fire Magic
 + Level 1.0 Ice Magic
 + Level 1.0 Air Magic
 + Level 1.0 Earth Magic
 + Level 1.0 Poison Magic
 + Level 1.3 Invocations
 + Level 1.2 Evocations


You had 5 spell levels left.
You didn't know any spells.
Your spell library was empty.

Dungeon Overview and Level Annotations

Branches:
Dungeon (5/15)
 Temple: D:4-7

Altars:


Innate Abilities, Weirdness & Mutations

You have very sharp teeth.
Your uncanny sense of smell can sniff out nearby items.
Your experience applies equally to all skills.


Message History

The gnoll is moderately wounded.
The gnoll hits you with a +0 flail!
The gnoll hits you from afar with a +0 spear!
You hit the gnoll but do no damage. Your bite misses the gnoll.
The gnoll is moderately wounded.
The gnoll hits you from afar with a +0 spear.
The gnoll hits you with a +0 flail.
You are too injured to fight recklessly!
You are too injured to fight recklessly!
You are too injured to fight recklessly!
You are too injured to fight recklessly!
You are too injured to fight recklessly!
You are too injured to fight recklessly!
You are too injured to fight recklessly!
You are too injured to fight recklessly!
You are too injured to fight recklessly!
You are too injured to fight recklessly!
You are too injured to fight recklessly!
You are too injured to fight recklessly!
You are too injured to fight recklessly!
You are too injured to fight recklessly!
You are too injured to fight recklessly!
You are too injured to fight recklessly!
n - a +1 vorpal flail The gnoll hits you with a +0 flail!
* * * LOW HITPOINT WARNING * * *
The gnoll hits you from afar with a +0 spear.
* * * LOW HITPOINT WARNING * * *
n - a +1 vorpal flail (weapon)
You sock the gnoll!
You kill the gnoll!
The gnoll hits you from afar with a +0 spear.
* * * LOW HITPOINT WARNING * * *
The gnoll barely misses you.
Things that are here:
a +0 flail; a gnoll corpse You hit the gnoll.
Your bite misses the gnoll.
The gnoll is moderately wounded.
The gnoll hits you with a +0 spear.
You die...

###############
#......†@gg...#
#.###########.#
#.# ###... ∆
#.# ##.#.# #.#
##.#..# ## #.#
##.###.## .
#.###<## ##.##
.# #.##.##
##.###.#
#.###.##
##.....<#


You could see 2 gnolls.

Vanquished Creatures
  A howler monkey (D:4)
  A hound (D:4)
  2 gnolls (D:4)
  3 endoplasms (D:4)
  A goblin (D:4)
  2 hobgoblins (D:4)
  2 jackals (D:4)
  A kobold (D:4)
  A quokka (D:4)
14 creatures vanquished.

Notes
Turn   | Place    | Note
-------+----------+-------------------------------------------
     0 | D:5      | Reached skill level 9 in Stealth
     0 | D:5      | DocClef the Gnoll Delver began the quest for the Orb.
     0 | D:5      | Reached XP level 1. HP: 23/23 MP: 1/1
   300 | D:4      | Noticed a hound
   312 | D:4      | Killed a hound
   313 | D:4      | Reached XP level 2. HP: 21/29 MP: 1/3
   313 | D:4      | Reached XP level 3. HP: 25/35 MP: 1/4
   665 | D:4      | Reached skill level 1 in Invocations
   718 | D:4      | Reached skill level 1 in Long Blades
   718 | D:4      | Reached skill level 1 in Axes
   718 | D:4      | Reached skill level 1 in Maces & Flails
   718 | D:4      | Reached skill level 1 in Polearms
   718 | D:4      | Reached skill level 1 in Staves
   718 | D:4      | Reached skill level 1 in Slings
   718 | D:4      | Reached skill level 1 in Bows
   718 | D:4      | Reached skill level 1 in Crossbows
   718 | D:4      | Reached skill level 1 in Throwing
   718 | D:4      | Reached skill level 1 in Armour
   718 | D:4      | Reached skill level 1 in Shields
   718 | D:4      | Reached skill level 1 in Unarmed Combat
   718 | D:4      | Reached skill level 1 in Spellcasting
   718 | D:4      | Reached skill level 1 in Evocations
   718 | D:4      | Reached XP level 4. HP: 41/41 MP: 5/5
   892 | D:4      | Reached skill level 1 in Conjurations
   892 | D:4      | Reached skill level 1 in Hexes
   892 | D:4      | Reached skill level 1 in Summonings
   892 | D:4      | Reached skill level 1 in Necromancy
   892 | D:4      | Reached skill level 1 in Translocations
   892 | D:4      | Reached skill level 1 in Transmutations
   892 | D:4      | Reached skill level 1 in Fire Magic
   892 | D:4      | Reached skill level 1 in Ice Magic
   892 | D:4      | Reached skill level 1 in Air Magic
   892 | D:4      | Reached skill level 1 in Earth Magic
   892 | D:4      | Reached skill level 1 in Poison Magic
   899 | D:4      | HP: 1/41 [gnoll/+0 spear (4)]
   901 | D:4      | Slain by a gnoll

Illustrated notes

Levels and vault maps discovered:
D:4:      black_bear_nest_2, layout_loops_ring, kennysheep_generic_room_3
D:5:      layout_gridville, kennysheep_mini_moat,
          minmay_temple_entry_statues_pillars

Skill      XL: |  1  2  3  4 |
---------------+-------------+-----
Stealth        | |  9.6
Invocations    | 1 |  1.3
Long Blades    | 1 |  1.2
Axes           | 1 |  1.2
Maces & Flails | 1 |  1.2
Polearms       | 1 |  1.2
Staves         | 1 |  1.2
Slings         | 1 |  1.2
Bows           | 1 |  1.2
Crossbows      | 1 |  1.2
Throwing       | 1 |  1.2
Armour         | 1 |  1.2
Shields        | 1 |  1.2
Unarmed Combat | 1 |  1.2
Spellcasting   | 1 |  1.2
Evocations     | 1 |  1.2
Conjurations   | 1 |  1.0
Hexes          | 1 |  1.0
Summonings     | 1 |  1.0
Necromancy     | 1 |  1.0
Translocations | 1 |  1.0
Transmutations | 1 |  1.0
Fire Magic     | 1 |  1.0
Ice Magic      | 1 |  1.0
Air Magic      | 1 |  1.0
Earth Magic    | 1 |  1.0
Poison Magic   | 1 |  1.0
Fighting       | |  6.6
Short Blades   | |  4.7
Dodging        | |  4.7

Action                   |  1- 3 |  4- 6 || total
-------------------------+-------+-------++-------
Melee: Short sword       |    40 |     9 ||    49
       Bite              |     6 |     1 ||     7
       Flail             |       |     2 ||     2
 Stab: Sleeping          |     4 |     2 ||     6
Armor: Leather armour    |    11 |     1 ||    12
Dodge: Dodged            |    19 |     3 ||    22

Table legend: (Time is in decaauts)
 A = Elapsed time spent in this place.
 B = Non-inter-level travel time spent in this place.
 C = Inter-level travel time spent in this place.
 D = Time resting spent in this place.
 E = Time spent auto-exploring this place.
 F = Levels seen in this place.
 G = Mean time per level.
                   A        B        C        D        E       F      G
               +--------+--------+--------+--------+--------+-----+--------+
         Total |    894 |    859 |     35 |      0 |    669 |   2 |  447.0 |
       Dungeon |    894 |    859 |     35 |      0 |    669 |   2 |  447.0 |
               +--------+--------+--------+--------+--------+-----+--------+

Top non-repeatable levels by time:
     D:4: 780 daAuts
     D:5: 114 daAuts
